 Dungeon Crawl Stone Soup version 0.27.1-34-g3ba077fa99 (webtiles) character file.

Game seed: 16380298007754700375

590 sankara the Ruffian (level 7, 0/67 HPs)
             Began as a Troll Monk on Jan 18, 2022.
             Slain by a troll (6 damage)
             ... on level 5 of the Dungeon.
             The game lasted 00:07:31 (3538 turns).

sankara the Ruffian (Troll Monk)                    Turns: 3538, Time: 00:07:31

Health: 0/67       AC:  4    Str: 26    XL:     7   Next: 15%
Magic:  6/6        EV: 11    Int:  7    God:
Gold:   237        SH:  0    Dex: 13    Spells: 6/6 levels left

rFire    . . .     SeeInvis .     - Unarmed
rCold    . . .     Faith    .   (no shield)
rNeg     . . .     Spirit   .   a - +0 robe
rPois    .         Reflect  .   (helmet restricted)
rElec    .         Harm     .   (no cloak)
rCorr    .         Rampage  .   (gloves unavailable)
Will     .....                  (boots unavailable)
Stlth    ++........             (no amulet)
HPRegen  1.21/turn              v - +6 ring of strength
MPRegen  0.10/turn              (no ring)

@: no status effects
A: large, unfitting armour, claws 3, regeneration 1, shaggy fur 1, tough skin 1
a: no special abilities


You were on level 5 of the Dungeon.
You visited 1 branch of the dungeon, and saw 5 of its levels.

You collected 237 gold pieces.

Inventory:

Hand Weapons
 l - a +4 dagger of venom
Missiles
 d - 81 sling bullets
 k - 82 stones (quivered)
 o - a throwing net
 t - 13 javelins
Armour
 a - a +0 robe (worn)
Jewellery
 v - a +6 ring of strength (left claw)
Wands
 i - a wand of flame (21)
 r - a wand of acid (7)
Scrolls
 e - 3 scrolls of fear {unknown}
 h - 3 scrolls of identify {unknown}
 j - a scroll of immolation {unknown}
 m - 3 scrolls of teleportation {unknown}
 s - 2 scrolls of amnesia {unknown}
Potions
 b - a potion of might {unknown}
 c - 4 potions of heal wounds {unknown}
 f - 2 potions of cancellation {unknown}
 g - 3 potions of haste {unknown}
 n - a potion of lignification {unknown}
 p - 2 potions of attraction {unknown}
 q - 2 potions of degeneration {unknown}
 u - a potion of flight {unknown}


   Skills:
 + Level 3.4 Fighting
 + Level 1.2 Throwing
 + Level 4.0 Dodging
 - Level 1.0 Stealth
 * Level 6.4 Unarmed Combat


You had 6 spell levels left.
You didn't know any spells.
Your spell library contained the following spells:

 Spells                   Type           Power      Damage    Failure   Level
 Corona                   Hex            0%         N/A       43%         1
 Ensorcelled Hibernation  Hex/Ice        0%         N/A       56%         2
 Tukima's Dance           Hex            0%         N/A       80%         3
 Passage of Golubria      Tloc           N/A        N/A       99%         4
 Yara's Violent Unravell  Hex/Tmut       0%         3d3       100%        5


Dungeon Overview and Level Annotations

Branches:
Dungeon (5/15)
 Temple: D:4-7

Altars:
Ashenzari
Sif Muna

Annotations:
D:2 Sigmund


Innate Abilities, Weirdness & Mutations

You are too large for most types of armour.
You have claws for hands.
Your natural rate of healing is unusually fast.
You are covered in fur. (AC +1)
You have tough skin. (AC +1)


Message History

v - a +6 ring of strength (left claw)
You open the door.
Found a stone staircase leading up.
There is an open door here.
There is a stone staircase leading up here.
There is a stone staircase leading up here.
There is an open door here.
There is an open door here.
A hound and a troll come into view.
The helpless hound fails to defend itself.
You scratch the hound.
The hound is moderately wounded.
The hound bites you but does no damage.
You barely miss the hound.
The hound is moderately wounded.
The hound bites you.
You claw the hound!
You kill the hound!
You claw the troll!
The troll is moderately wounded.
The troll bites you! The troll claws you!
The troll claws you but does no damage.
You claw the troll!
The troll is heavily wounded.
The troll bites you! The troll claws you! x2
* * * LOW HITPOINT WARNING * * *
You are too injured to fight recklessly!
You are too injured to fight recklessly!
You barely miss the troll. Your claw misses the troll.
The troll is heavily wounded.
The troll bites you!
* * * LOW HITPOINT WARNING * * *
The troll barely misses you. The troll claws you.
* * * LOW HITPOINT WARNING * * *
You closely miss the troll.
The troll is heavily wounded.
You scratch the troll.
The troll is heavily wounded.
The troll bites you.
You die...

.................'........#
.................##########
#########........#
.#.........#.#####
.#.#######.#.#####
.#.........#.....#
.########..#####.# .#
#..##..#.# .# #......#@# .#
#...##.#T# .# #......#.#
.########....#.#.#
.............#.#.#
.#########...#.#.# .#
#...#.#.# .#
.#########...#.#.. (.# .
.............#.# ###.#..


You could see a troll.

Vanquished Creatures
  A scorpion (D:5)
  A water moccasin skeleton (D:4)
  A jelly (D:5)
  3 hounds
  An orc priest (D:4)
  A centaur skeleton (D:4)
  Natasha (D:3)
  An orc wizard (D:5)
  A hound skeleton (D:4)
  4 adders
  9 gnolls
  An adder skeleton (D:5)
  A worm (D:4)
  3 dart slugs
  7 orcs
  9 ball pythons
  8 endoplasms
  5 giant cockroaches
  7 goblins
  5 hobgoblins
  A jackal (D:2)
  4 quokkas
  6 bats
  9 frilled lizards
  8 kobolds
  7 rats
105 creatures vanquished.

Notes
Turn   | Place    | Note
-------+----------+-------------------------------------------
     0 | D:1      | sankara the Troll Monk began the quest for the Orb.
     0 | D:1      | Reached XP level 1. HP: 22/22 MP: 0/0
     2 | D:1      | Noticed a minotaur
     2 | D:1      | Noticed a merfolk
     4 | D:1      | Noticed a troll
     6 | D:1      | Noticed a dwarf
     6 | D:1      | Noticed a demonspawn
     8 | D:1      | Noticed a human
     8 | D:1      | Noticed a gargoyle
    10 | D:1      | Noticed a demigod
    10 | D:1      | Noticed a naga
    12 | D:1      | Noticed a vampire
    12 | D:1      | Noticed an ogre
    14 | D:1      | Noticed a vine stalker
    14 | D:1      | Noticed a djinni
    16 | D:1      | Noticed an elf
    18 | D:1      | Noticed an octopode
    18 | D:1      | Noticed a ghoul
    20 | D:1      | Noticed a spriggan
    20 | D:1      | Noticed a draconian
    22 | D:1      | Noticed a barachi
    24 | D:1      | Noticed a palentonga
    24 | D:1      | Noticed a formicid
    26 | D:1      | Noticed a felid
    26 | D:1      | Noticed a tengu
    64 | D:1      | Reached XP level 2. HP: 29/29 MP: 1/1
   831 | D:2      | Reached XP level 3. HP: 34/36 MP: 2/2
   916 | D:2      | Reached skill level 4 in Unarmed Combat
  1189 | D:2      | Noticed Sigmund
  1314 | D:2      | Found a faded altar of an unknown god.
  1556 | D:2      | Reached XP level 4. HP: 36/44 MP: 3/3
  2125 | D:3      | Noticed Natasha
  2128 | D:3      | Killed Natasha
  2129 | D:3      | Reached skill level 5 in Unarmed Combat
  2129 | D:3      | Reached XP level 5. HP: 50/50 MP: 4/4
  2565 | D:4      | Reached XP level 6. HP: 45/59 MP: 5/5
  2836 | D:4      | Found a broken altar of Ashenzari.
  2948 | D:5      | Entered Level 5 of the Dungeon
  3021 | D:5      | Reached skill level 6 in Unarmed Combat
  3075 | D:5      | Found a shimmering blue altar of Sif Muna.
  3267 | D:5      | Reached skill level 1 in Throwing
  3346 | D:5      | Reached XP level 7. HP: 67/67 MP: 6/6
  3527 | D:5      | Noticed a troll
  3538 | D:5      | Slain by a troll

Illustrated notes

Levels and vault maps discovered:
D:1:      kb_arrival_jail, layout_basic, serial_glass, glass_columns_b,
          glass_columns_a, glass_columns_b, glass_columns_a, glass_columns_a,
          glass_columns_b, glass_columns_b, glass_columns_c, glass_columns_a,
          glass_columns_a, glass_columns_a, glass_columns_a, glass_columns_a,
          glass_columns_a, fountainhead
D:2:      minmay_inner_zag, layout_loops_ring, shapermc_ecumenical_altar_petra,
          minmay_misc_feat_hallway, minmay_lizard_pond, uniq_sigmund
D:3:      layout_basic, minivault_24, minivault_19, uniq_natasha
D:4:      layout_basic, mainiacjoe_overflow_brackets
D:5:      layout_basic, kennysheep_mini

Skill      XL: |  1  2  3  4  5  6  7 |
---------------+----------------------+-----
Unarmed Combat | 4 5 6 |  6.4
Dodging        | 3 4 |  4.0
Fighting       | 3 |  3.4
Throwing       | 1 |  1.2
Stealth        | |  1.0

Action                   |  1- 3 |  4- 6 |  7- 9 || total
-------------------------+-------+-------+-------++-------
Melee: Unarmed           |   128 |   123 |    13 ||   264
       Punch             |       |     3 |       ||     3
Throw: Stone             |       |     1 |       ||     1
 Stab: Sleeping          |     5 |     4 |     1 ||    10
Armor: Robe              |    38 |    29 |     2 ||    69
Dodge: Dodged            |    64 |    47 |     2 ||   113
